[Event "Early-Titled-Tuesday-Blitz-March-05-2024"]
[Site "Chess.com"]
[Date "2024.03.05"]
[Round "5"]
[White "ValentunHulka"]
[Black "ACollins05"]
[Result "0-1"]
[WhiteElo "2770"]
[BlackElo "2621"]
[TimeControl "180+1"]
[EndTime "8:59:25 PST"]
[Termination "ACollins05 won by resignation"]

1. e4 c5 2. Nf3 d6 3. d4 cxd4 4. Nxd4 Nf6 5. Nc3 Nc6 6. Bg5 e6 7. Qd2 a6 8. f4 h6 9. Nxc6 bxc6 10. Bxf6 Qxf6 11. O-O-O g5 12. g3 Be7 13. e5 dxe5 14. Ne4 Qg7 15. Nd6+ Kf8 16. Bg2 gxf4 17. gxf4 exf4 18. Rhg1 f3 19. Bxf3 Bg5 20. Rxg5 Qxg5 21. Bxc6 Rb8 22. Rf1 Qxd2+ 23. Kxd2 f5 24. Nc4 Ke7 25.
Ba4 Bd7 26. Bb3 Bb5 27. Re1 Rhd8+ 28. Kc1 Bxc4 29. Bxc4 Rd6 30. b3 Kf6 31. Kb2 Rg8 32.
Re2 Rg1 33. a4 e5 34. b4 e4 35. Bb3 Ke5 36. c4 f4 37. c5 Rd4 38. Rc2 Rg7 39.
b5 axb5 40. axb5 e3 41. c6 Rd2 42. b6 Kd6 43. c7 Rxc2+ 44. Kxc2 e2 45. Kd2 Re7 46.
Ke1 Re8 47. c8=Q Rxc8 48. Kxe2 Rb8 49. Kf3 Rxb6 50. Bc2 Ke5 51. h4 Rc6 52. Bh7 Rc3+ 53. Kf2 Rg3 54. h5 Kf6 55. Bg6 Kg5 56. Bf7 Re3 57. Bg6 Re7 58. Kf3 Ra7 59. Be8 Ra3+ 60.
Kf2 Kf5 61. Bg6+ Kg4 62. Bf7 Rc3 63. Bg6 Rb3 64. Ke2 Rb2+ 65. Kf1 f3 66. Be4 Kg3 67.
Ke1 Ra2 68. Bd5 f2+ 69. Kf1 Ra1+ 70. Ke2 f1=Q+ 0-1

[Event "Early-Titled-Tuesday-Blitz-March-05-2024"]
[Site "Chess.com"]
[Date "2024.03.05"]
[Round "5"]
[White "ReadySkate"]
[Black "Cambek64"]
[Result "0-1"]
[WhiteElo "2569"]
[BlackElo "2456"]
[TimeControl "180+1"]
[EndTime "8:59:26 PST"]
[Termination "Cambek64 won by resignation"]

1. d4 c5 2. d5 e5 3. Nc3 d6 4. e4 Nf6 5. Bb5+ Nbd7 6. a4 Be7 7. h3 O-O 8. Nf3 Ne8 9. O-O g6 10. Nh2 Ng7 11. Bxd7 Bxd7 12. f4 f6 13. fxe5 fxe5 14. Be3 a6 15. a5 Bg5 16. Rxf8+ Kxf8 17. Qd2 Bxe3+ 18. Qxe3 Kg8 19. Nf3 Qe7 20. Qh6 Rf8 21. Ng5 Nh5 22. Rf1 Rxf1+ 23. Kxf1 Qg7 24. Qxg7+ Kxg7 25.
Nf3 Nf6 26. Nd2 Ne8 27. Nc4 Kf6 28. Nb6 Ke7 29. Ke2 Nf6 30. b3 Bb5+ 31. Kf3 Kd8 32.
Nd1 Nd7 33. Nxd7 Bxd7 34. Kg3 g5 35. Ne3 h5 36. h4 g4 37. Kf2 Ke7 38. Nf1 Bb5 39.
Ng3 Be8 40. Nf5+ Kd7 41. Ke3 Bg6 42. Ng3 Ke7 43. Kd2 Kd7 44. Kc3 Kc7 45. b4 b6 46.
b5 axb5 47. a6 b4+ 48. Kd2 b5 49. Nf5 c4 50. Nxd6 Kb6 51. a7 Kxa7 52. Nxb5+ Kb6 53. d6 Be8 54. Nc7 Bd7 55. Nd5+ Kc5 56. Nf6 Kxd6 57. Nxh5 Bc6 58. Ng3 Ke6 59. Ke3 Kf6 60. Nf1 c3 61. g3 Ba4 62. Nh2 Bxc2 63. Nxg4+ Ke6 64. h5 b3 65. h6 Kf7 66. Nxe5+ Kg8 67. Nc4 b2 68.
Na3 Bb3 69. Kd3 c2 0-1

[Event "Early-Titled-Tuesday-Blitz-March-05-2024"]
[Site "Chess.com"]
[Date "2024.03.05"]
[Round "5"]
[White "WilsonPalencia21"]
[Black "Schattman"]
[Result "1-0"]
[WhiteElo "2580"]
[BlackElo "2431"]
[TimeControl "180+1"]
[EndTime "8:59:26 PST"]
[Termination "WilsonPalencia21 won on time"]

1. d4 Nf6 2. c4 g6 3. Nf3 Bg7 4. Nc3 d5 5. Bg5 Ne4 6. cxd5 Nxg5 7. Nxg5 e6 8. Qd2 h6 9. Nf3 exd5 10. e3 a5 11. Bd3 O-O 12. O-O c6 13. a3 Re8 14.
b4 Bg4 15. Be2 Nd7 16. h3 Bf5 17. b5 Bf8 18. Qb2 Qe7 19. Rfc1 Reb8 20. Na4 Be4 21. Nd2 Bf5 22. Qc3 Qg5 23. Nf3 Qe7 24. bxc6 bxc6 25. Qxc6 Ra7 26. Qxd5 Be4 27. Qc4 Nf6 28. Nc5 Bd5 29. Qc2 Ne4 30. Bd3 Nxc5 31. Qxc5 Qb7 32. Qc2 Bxf3 33. gxf3 Qxf3 34. Bf1 Bd6 35. Bg2 Qf6 36.
Rab1 Rxb1 37. Rxb1 Rc7 38. Qe4 Kg7 39. a4 Bb4 40. Qf3 Qd8 41. Qd5 Qc8 42. Kh2 Rd7 43.
Qe5+ Kh7 44. Qe4 Bd6+ 45. f4 Rc7 46. Rb7 Rxb7 47. Qxb7 Qe8 48. Bd5 Kg7 49. Kg2 Bxf4 50. exf4 Qe2+ 51. Kg1 Qe1+ 52. Kh2 Qd2+ 53. Kg3 Qe1+ 54.
Kf3 Qd1+ 55. Ke3 Qc1+ 56. Kd3 Qd1+ 57. Kc4 Qe2+ 58. Kc5 Qc2+ 59. Bc4 Qf5+ 60. Kb6 Qxf4 61. Qxf7+ Qxf7 62. Bxf7 Kxf7 63. d5 g5 64. d6 h5 65.
d7 g4 66. hxg4 hxg4 67. d8=Q g3 68. Qg5 1-0

[Event "Early-Titled-Tuesday-Blitz-March-05-2024"]
[Site "Chess.com"]
[Date "2024.03.05"]
[Round "5"]
[White "Byniolus"]
[Black "tetrix83"]
[Result "0-1"]
[WhiteElo "2804"]
[BlackElo "2636"]
[TimeControl "180+1"]
[EndTime "8:59:27 PST"]
[Termination "tetrix83 won by resignation"]

1. d4 Nf6 2. Nf3 g6 3. Bf4 Bg7 4. e3 c5 5. c3 Qb6 6. Qb3 d6 7.
Nbd2 Be6 8. Bc4 Bxc4 9. Nxc4 Qc7 10. dxc5 Qxc5 11. Qxb7 O-O 12. Qxa8 Qxc4 13. Qxa7 Nd5 14.
Nd2 Qd3 15. Bg3 Bxc3 16. Rd1 Nc6 17. Qa4 Ncb4 18. e4 Nc2+ 19. Qxc2 Qxc2 20. exd5 Qxb2 21. Bf4 Qxa2 22. O-O Qxd5 23. Nb1 Bd4 24. Be3 e5 25. Bxd4 exd4 26. Nd2 Rc8 27. Nf3 d3 28. h3 h6 29.
Rd2 Rc2 30. Rfd1 Rxd2 31. Rxd2 Qe4 32. Kf1 g5 33. Ne1 Kg7 34. Rxd3 Qc4 35. Ke2 d5 36. Nf3 Kf6 37. Nd2 Qb5 38. Ke3 Qc5+ 39. Ke2 h5 40.
Nf3 g4 41. hxg4 hxg4 42. Nd4 Qc4 43. Ke3 Ke5 44. f4+ Kd6 45. Nf5+ Kc5 46. Nd4 Qc1+ 47.
Ke2 Qb2+ 48. Ke3 Qxg2 49. Nb3+ Kd6 50. Nd4 Qe4+ 51. Kd2 Qxf4+ 52. Kc3 g3 53. Ne2 Qc4+ 54. Kd2 Qb4+ 55. Kd1 Qa4+ 56. Kd2 Qa2+ 57. Kd1 Qb1+ 58. Kd2 g2 59. Rg3 Qf1 60. Ke3 f5 61. Rg6+ Ke5 62.
Rg5 d4+ 63. Kd2 d3 64. Kxd3 Ke6 65. Rg6+ Kf7 66. Rg3 f4 67. Rg4 f3 68. Rf4+ Ke8 0-1

[Event "Early-Titled-Tuesday-Blitz-March-05-2024"]
[Site "Chess.com"]
[Date "2024.03.05"]
[Round "5"]
[White "Antipov_Mikhail_Al"]
[Black "Egor_Koshulyan"]
[Result "0-1"]
[WhiteElo "2932"]
[BlackElo "2733"]
[TimeControl "180+1"]
[EndTime "8:59:29 PST"]
[Termination "Egor_Koshulyan won by resignation"]

1. e4 c5 2. Nf3 Nc6 3. Bb5 g5 4.
Nxg5 Nf6 5. Bxc6 dxc6 6. e5 Rg8 7. d4 h6 8. exf6 hxg5 9. fxe7 Bxe7 10. dxc5 Qa5+ 11.
Nc3 Qxc5 12. Be3 Qb4 13. O-O Bd7 14. Qd4 Qa5 15. Rad1 Qc7 16. Ne4 Be6 17. Nf6+ Bxf6 18. Qxf6 Qe7 19. Bd4 Qxf6 20. Bxf6 Rg6 21. Bd4 b6 22. b3 O-O-O 23. Rfe1 Bf5 24. c3 Rgd6 25. Rc1 c5 26. Be3 f6 27. c4 Kb7 28. h3 Kc6 29. f3 Rd3 30. Kf2 a5 31. Re2 Ra8 32.
Rb2 a4 33. bxa4 Ra3 34. Rd1 R8xa4 35. Rbd2 Rxa2 36. g4 Be6 37. Rxa2 Rxa2+ 38. Rd2 Ra4 39. Rd8 Ra7 40. Rf8 Rf7 41. Rb8 Bxc4 42. Kg3 Kc7 43.
Rh8 Re7 44. Bd2 Bd5 45. Kf2 Bc4 46. Bc3 Rf7 47. Kg3 f5 48. Rh5 fxg4 49. fxg4 b5 50. Rxg5 Kc6 51. Bd2 b4 52. Be3 Bd5 53. h4 b3 54. Bc1 Rf3+ 55. Kh2 Rf2+ 56. Kg3 Rg2+ 57. Kh3 Rc2 58. Ba3 b2 59. Bxb2 Rxb2 60. h5 Rb1 61. Kg3 Rh1 62. Rg7 c4 63. Rg6+ Kc5 64. Rf6 c3 65. Rf2 Kd4 66. Kf4 Be4 67. Re2 Bd3 68. Re8 c2 69. Rd8+ Kc3 70. Rc8+ Bc4 0-1

[Event "Early-Titled-Tuesday-Blitz-March-05-2024"]
[Site "Chess.com"]
[Date "2024.03.05"]
[Round "5"]
[White "mbchess97"]
[Black "littlepinkyboy"]
[Result "1-0"]
[WhiteElo "2510"]
[BlackElo "2658"]
[TimeControl "180+1"]
[EndTime "8:59:31 PST"]
[Termination "mbchess97 won by checkmate"]

1. c4 e5 2. g3 Nf6 3. Bg2 d5 4.
cxd5 Nxd5 5. Nf3 Nc6 6. Nc3 Nb6 7. O-O Be7 8. a4 O-O 9. a5 Nc4 10. a6 bxa6 11. d3 Nb6 12. Be3 Rb8 13. Nd2 Nd4 14. Ra5 f6 15. Nde4 Bb7 16. Nc5 Bxg2 17. Kxg2 Nc6 18.
Rxa6 Qc8 19. Ra1 Nd7 20. N3a4 Nxc5 21. Nxc5 Bxc5 22. Bxc5 Rd8 23. Qa4 Qb7 24. Kg1 Kh8 25. b4 Rd5 26. Rfc1 Ra8 27. Qa6 Rb8 28. Qxb7 Rxb7 29. Ra6 Nd8 30. Rxa7 Rxa7 31. Bxa7 Ne6 32. Ra1 Kg8 33. Kf1 Rb5 34. Ra4 Kf7 35. Ke1 Ke7 36. Kd2 Kd7 37. Kc3 Kc6 38. Be3 Kb7 39. Kc4 c6 40.
Ra7+ Kc8 41. Re7 Kd8 42. Rxe6 Kd7 43. Rxc6 Kxc6 44. Bc5 Rb7 45. e3 g6 46. d4 e4 47.
d5+ Kd7 48. b5 f5 49. b6 Kc8 50. Kb5 Kd7 51. Ka6 Kc8 52. d6 Rd7 53. Kb5 Kb7 54.
Bb4 h6 55. Kc5 h5 56. Bc3 Rd8 57. Bd4 Rc8+ 58. Kd5 Re8 59. d7 Rd8 60. Kd6 g5 61. Bf6 Ra8 62. d8=Q Rxd8+ 63. Bxd8 g4 64. Bc7 Kc8 65.
Kc6 f4 66. exf4 e3 67. fxe3 h4 68. b7# 1-0

[Event "Early-Titled-Tuesday-Blitz-March-05-2024"]
[Site "Chess.com"]
[Date "2024.03.05"]
[Round "5"]
[White "marcodobrikov"]
[Black "RandomNoob04"]
[Result "0-1"]
[WhiteElo "2762"]
[BlackElo "2599"]
[TimeControl "180+1"]
[EndTime "8:59:32 PST"]
[Termination "RandomNoob04 won on time"]

1. c4 Nf6 2. Nc3 e6 3. d4 d5 4. Bg5 Be7 5. e3 O-O 6. Qb3 dxc4 7. Bxc4 h6 8. Bh4 c5 9. Nf3 Nc6 10. dxc5 Qa5 11. O-O Qxc5 12. Be2 Qb4 13. Qc2 Bd7 14. a3 Qb6 15. Rfd1 Rfd8 16. Rd2 Be8 17. Rad1 Rxd2 18. Rxd2 Rd8 19. Bg3 Rxd2 20. Nxd2 Qd8 21. h3 Bd6 22. Bxd6 Qxd6 23. Nc4 Qc7 24. Bf3 Nd4 25. exd4 Qxc4 26.
Bxb7 Qxd4 27. Bf3 Nd7 28. b4 Ne5 29. Bb7 Nd3 30. Qd2 e5 31. Bf3 Nxb4 32. Qb2 Nd3 33. Qb8 Kf8 34. Ne4 Qb6 35. Qa8 Ke7 36. Qd5 Qd4 37.
Qb7+ Bd7 38. Be2 Nc5 39. Nxc5 Qxc5 40. Bg4 f5 41. Be2 Qxa3 42. Bb5 Qa1+ 43. Kh2 Qd4 44. Bc6 a5 45. Bb5 Qd6 46. Ba4 Ke6 47. Bb3+ Kf6 48.
Qa8 Be6 49. Bc2 e4+ 50. g3 Qc5 51. Qd8+ Kg6 52. Qd2 Bc4 53. Ba4 Bd3 54. Be8+ Kh7 55. Bd7 Qe5 56. Qe3 g5 57. Qa7 Qg7 58. Bxf5+ Kh8 59.
Qb8+ Qg8 60. Qe5+ Qg7 61. Qxa5 Qf6 62. Qa8+ Kg7 63. Qb7+ Qf7 0-1

[Event "Early-Titled-Tuesday-Blitz-March-05-2024"]
[Site "Chess.com"]
[Date "2024.03.05"]
[Round "5"]
[White "PavelShkapenko"]
[Black "Shuvalov"]
[Result "1-0"]
[WhiteElo "2755"]
[BlackElo "2542"]
[TimeControl "180+1"]
[EndTime "8:59:33 PST"]
[Termination "PavelShkapenko won on time"]

1. e4 e6 2. d4 d5 3. exd5 exd5 4. Nf3 c5 5. g3 Nf6 6. Bg2 Nc6 7. O-O c4 8. Ne5 Be7 9. Bg5 O-O 10. Nc3 Be6 11. f4 Qb6 12. Nxc6 bxc6 13. f5 Bc8 14. Na4 Qa5 15. b3 Ba6 16. Re1 Rfe8 17. Qd2 Qxd2 18.
Bxd2 Nd7 19. Bf1 Bf6 20. c3 Bb5 21. Nb2 cxb3 22. axb3 Bxf1 23. Kxf1 c5 24. Rxe8+ Rxe8 25. Rxa7 Rd8 26. Be3 cxd4 27. Bxd4 Bxd4 28. cxd4 Nf6 29. Nd3 Ne4 30. Nc5 g6 31. fxg6 hxg6 32. Ke2 Rb8 33. Ra3 Nd6 34. Kd3 Nf5 35. Ra7 Rb4 36. Kc3 Rxd4 37.
Nd3 Re4 38. b4 Rc4+ 39. Kd2 Nd4 40. Rb7 Rc2+ 41. Ke3 Nf5+ 42. Kf4 Rc4+ 43. Ke5 Re4+ 44. Kxd5 Rd4+ 45. Kc6 Rxd3 46. b5 Rc3+ 47. Kd5 Rb3 48. b6 Kg7 49. Rb8 Rb2 50. Kc6 Ne7+ 51. Kd7 Nd5 52.
b7 Nf6+ 53. Kc6 Ng4 54. Ra8 Rxb7 55. Kxb7 Nxh2 56. Ra4 Nf1 57. g4 Ne3 58. Kc6 f5 59. gxf5 Nxf5 60. Kd5 Kf6 61. Ra6+ Kg5 62. Ke5 Nh6 63. Ra5 Nf5 64. Ra1 Nh6 65. Rg1+ Ng4+ 66. Ke4 Kh5 67. Kf4 1-0

[Event "Early-Titled-Tuesday-Blitz-March-05-2024"]
[Site "Chess.com"]
[Date "2024.03.05"]
[Round "5"]
[White "Vse_po_kaify"]
[Black "GaiozNigalidze"]
[Result "0-1"]
[WhiteElo "2334"]
[BlackElo "2706"]
[TimeControl "180+1"]
[EndTime "8:59:33 PST"]
[Termination "GaiozNigalidze won by resignation"]

1. e4 c5 2. c4 Nc6 3. Nc3 g6 4. g3 Bg7 5. Bg2 e6 6. Nge2 Nge7 7.
O-O d6 8. d3 O-O 9. f4 a6 10. h3 Rb8 11. Be3 Nd4 12. Qd2 b5 13. Rab1 Nec6 14. g4 bxc4 15. dxc4 f5 16. exf5 gxf5 17.
g5 Bb7 18. Rfd1 Qd7 19. a3 e5 20. Nd5 Nxe2+ 21. Qxe2 Nd4 22. Qf2 e4 23. b4 Bxd5 24.
cxd5 a5 25. h4 Qf7 26. bxc5 dxc5 27. d6 Qd5 28. h5 Qxd6 29. h6 Bh8 30. Bf1 Rfd8 31.
Bc4+ Kf8 32. Kg2 Rxb1 33. Rxb1 Rb8 34. Rd1 Ke7 35. Qd2 Qb6 36. Qf2 Qb2 37. Rc1 Qxa3 38. g6 hxg6 39. Rd1 Rb2 40. Rd2 Rxd2 41. Bxd2 a4 42. h7 Qf3+ 43. Qxf3 Nxf3 44. Bc1 g5 45. fxg5 Kf8 46. g6 Bg7 47. Bh6 Nh4+ 48. Kf1 Nxg6 49. Be3 Bd4 50. Bh6+ Ke7 51. Ke2 Nh8 52. Bf4 a3 53.
Bg5+ Kd6 54. Bh6 Be5 55. Bf8+ Kc6 56. Ke3 Kb6 57. Be7 Bd4+ 58. Kf4 Ka5 59. Kxf5 Kb4 60. Ba2 e3 61. Ke4 e2 62. Bh4 Kc3 63. Be1+ Kc2 64. Kf3 Kd1 65. Ba5 e1=Q 66. Bxe1 Kxe1 67. Ke4 Kd2 68. Kd5 Kc3 69. Ke4 Kb2 70. Bg8 a2 71. Bxa2 Kxa2 72. Kd3 Kb3 73. Kd2 Bb2 0-1

[Event "Early-Titled-Tuesday-Blitz-March-05-2024"]
[Site "Chess.com"]
[Date "2024.03.05"]
[Round "5"]
[White "BilodeauA"]
[Black "sokidze"]
[Result "1-0"]
[WhiteElo "3000"]
[BlackElo "2788"]
[TimeControl "180+1"]
[EndTime "8:59:36 PST"]
[Termination "BilodeauA won by resignation"]

1. e4 c6 2. d4 d5 3. e5 Bf5 4.
Nd2 e6 5. Nb3 Nd7 6. Nf3 a6 7.
Be2 c5 8. c3 c4 9. Nbd2 Ne7 10.
Nf1 Nc6 11. Ng3 Bg6 12. h4 h6 13. h5 Bh7 14. Qd2 b5 15. Qf4 Be7 16. O-O O-O 17. Qg4 Kh8 18. Nh2 Qc8 19. f4 f5 20. Qh3 b4 21. Bf3 Nb6 22. Ne2 Qd7 23. Kh1 a5 24. Rg1 a4 25. a3 bxa3 26. bxa3 Na5 27. Be3 Nb3 28. Ra2 Rf7 29. g3 Raf8 30. Bg2 Nc8 31. Nf3 Na7 32. Ne1 Nb5 33. Nc2 Qc8 34. Nb4 Qd7 35. Bf3 Qc8 36. Qf1 Qd7 37. Rg2 Qc8 38.
Qe1 Qd7 39. Ng1 Qc8 40. Bd1 Qd8 41. Nf3 Qd7 42. Rh2 Qd8 43. Nh4 Bxh4 44. Rxh4 Qd7 45. Rhh2 Qe7 46. Bf2 Qd7 47. Qe3 Qd8 48. Be1 Qd7 49.
Bc2 Qd8 50. Bb1 Qd7 51. Qf2 Qd8 52. Qc2 Bg8 53. Bf2 Qd7 54. Be3 Qd8 55. Rg2 Qd7 56. g4 fxg4 57. Rxg4 Rf5 58. Qh2 Qe8 59.
Bxf5 Rxf5 60. Rh4 Nxc3 61. Rg2 Ne4 62. Qh3 Bf7 63. Qg4 Qf8 64. Nc6 c3 65. Ne7 c2 66.
Nxf5 exf5 67. Qxf5 Qxa3 68. Qxf7 c1=Q+ 69. Bxc1 Qxc1+ 70. Kh2 1-0

[Event "Early-Titled-Tuesday-Blitz-March-05-2024"]
[Site "Chess.com"]
[Date "2024.03.05"]
[Round "5"]
[White "Muracle"]
[Black "GeorgiosSouleidis"]
[Result "1-0"]
[WhiteElo "2521"]
[BlackElo "2670"]
[TimeControl "180+1"]
[EndTime "8:59:36 PST"]
[Termination "Muracle won on time"]

1. Nf3 Nf6 2. b3 d5 3. Bb2 Bf5 4. e3 e6 5. g3 h6 6. Bg2 Nbd7 7. O-O c6 8. d3 Bd6 9. Nbd2 Bh7 10. e4 Bc7 11. e5 Ng8 12. d4 Ne7 13. c4 dxc4 14. Nxc4 O-O 15. Nfd2 b5 16. Ne3 Rc8 17. Rc1 Bb6 18. Ne4 Bxe4 19. Bxe4 Nd5 20. Bb1 Re8 21. Nxd5 cxd5 22. Qd3 Nf8 23. Ba3 g6 24.
Bc5 a6 25. b4 Bxc5 26. dxc5 Kg7 27. f4 Nd7 28. Qd4 Nb8 29. Rcd1 Nc6 30. Qb2 Kh7 31.
Bd3 Qe7 32. h4 h5 33. Kh2 Rg8 34. a3 Ra8 35. Qe2 Qd7 36. Qxh5+ Kg7 37. Qg5 Qe7 38.
Qg4 Rh8 39. Kg2 Rh5 40. Qe2 Qb7 41. Qd2 Rah8 42. Be2 R5h7 43. Bf3 Qc7 44. Rh1 Ne7 45. Rh2 Nc6 46. Rdh1 Ne7 47. Qd3 Nc6 48. h5 gxh5 49.
Bxh5 Kf8 50. Rh4 Ke7 51. Bf3 Rxh4 52. Rxh4 Rxh4 53. gxh4 Qd8 54. Qh7 Nd4 55. Bh5 Qf8 56. Kf2 Nf5 57. Bg4 Nd4 58. h5 Nc6 59. h6 Ke8 60.
Bh5 Ne7 61. Qg7 Nf5 62. Qf6 Qxh6 63. Bxf7+ Kd7 64. Bxe6+ Kc7 65. Qxh6 Nxh6 66. Ke3 Kc6 67. Kd4 Kc7 68. Kxd5 Kb7 69. c6+ Kc7 70. Kc5 Kb8 71. Kb6 Ka8 72. c7 1-0

[Event "Early-Titled-Tuesday-Blitz-March-05-2024"]
[Site "Chess.com"]
[Date "2024.03.05"]
[Round "5"]
[White "FairChess_on_YouTube"]
[Black "Rikikits"]
[Result "1-0"]
[WhiteElo "3105"]
[BlackElo "2838"]
[TimeControl "180+1"]
[EndTime "8:59:37 PST"]
[Termination "FairChess_on_YouTube won on time"]

1. d4 d5 2. c4 c6 3. Nf3 Nf6 4.
Qc2 g6 5. Bf4 dxc4 6. Qxc4 Bg7 7. Nc3 O-O 8. Qb3 c5 9. d5 b5 10.
Nxb5 Nxd5 11. O-O-O c4 12. Qxc4 Be6 13. e4 a6 14. Nc7 Nxf4 15. Rxd8 Bxc4 16. Rxf8+ Kxf8 17. Nxa8 Bxa2 18. Nb6 a5 19. Bc4 Bxc4 20. Nxc4 Nc6 21. Rd1 Ke8 22. g3 Ne6 23. Kc2 Nb4+ 24. Kb1 a4 25.
Ne1 Nc5 26. f3 e6 27. Nc2 Nc6 28. Rd6 Ne7 29. Rb6 f5 30. Rb8+ Kd7 31. Ra8 fxe4 32. Ra7+ Kd8 33. fxe4 Nxe4 34. Rxa4 Nd5 35. Ra8+ Ke7 36.
Ra7+ Kf8 37. Ra8+ Ke7 38. Ra7+ Kf8 39. N4e3 Ne7 40. Ra8+ Kf7 41. Ra7 Kf8 42. b4 Nc3+ 43. Kc1 Nc6 44. Rc7 Nd4 45. Nxd4 Bxd4 46. Kc2 Nb5 47.
Rc8+ Ke7 48. Nc4 e5 49. Rb8 Nc7 50. Rb7 Kd7 51. Kd3 Kc6 52. Na5+ Kd7 53. Ke4 Kd6 54. b5 Nd5 55. Nc4+ Kc5 56. Nxe5 Nc3+ 57. Kf4 Nd5+ 58. Ke4 Nc3+ 59. Kf4 Nd5+ 60. Kg5 Bxe5 61. Rxh7 Nf6 62. Re7 Kd6 63. Rb7 Ne4+ 64. Kxg6 Nc5 65. Ra7 Bd4 66. Kf5 Kd5 67. Ra8 1-0

[Event "Early-Titled-Tuesday-Blitz-March-05-2024"]
[Site "Chess.com"]
[Date "2024.03.05"]
[Round "5"]
[White "Arystanner"]
[Black "GelmanAlexander"]
[Result "1-0"]
[WhiteElo "2899"]
[BlackElo "2671"]
[TimeControl "180+1"]
[EndTime "8:59:37 PST"]
[Termination "Arystanner won on time"]

1. d4 Nf6 2. c4 c5 3. d5 b5 4. cxb5 a6 5. bxa6 e6 6. Nc3 exd5 7. Nxd5 Nxa6 8. e4 Nxd5 9. exd5 Nb4 10. Bc4 Qe7+ 11.
Ne2 Qe4 12. Bb3 Nd3+ 13. Kf1 Ba6 14. Kg1 Bd6 15. Be3 O-O 16. Nc3 Qh4 17. g3 Qh3 18. Ne4 Be5 19. Ng5 Qf5 20. Bc2 Rfb8 21. Nf3 Bxb2 22. Rb1 Qxd5 23. Bxc5 Bf6 24. Rxb8+ Rxb8 25. Ba7 Rb2 26. Kg2 Rxc2 27. Qxc2 Bb7 28. Qd1 g5 29. h3 h5 30. Bd4 g4 31. hxg4 hxg4 32. Bxf6 Qxf3+ 33. Qxf3 Bxf3+ 34. Kg1 Bxh1 35. Kxh1 Nxf2+ 36. Kg2 Ne4 37. Bd4 f5 38. a4 Kf7 39. a5 Nd6 40. a6 Nb5 41. a7 Nc7 42. Kf2 Ke6 43. Ke3 Kd5 44. Bb6 Na8 45. Bd8 Ke5 46. Ba5 d5 47. Bc3+ Kd6 48. Kf4 Ke6 49. Bd4 Nc7 50. Bb6 Na8 51.
Bc5 Nc7 52. Bd4 Na8 53. Bc3 Nc7 54. Bd2 d4 55. Ba5 Na8 56. Be1 Nc7 57. Bf2 Kd5 58. Kxf5 d3 59. Be3 Kc4 60. Bd2 Kd4 61. Kxg4 Ke4 62.
Kh5 Kf3 63. g4 Ke2 64. Bf4 Ne6 65. Bh6 Nc7 66. Kh4 Kf3 67. Bc1 Ke2 68. g5 Kd1 69.
Bf4 Ne6 70. a8=Q Nxf4 71. Qf3+ Ne2 72. Qxd3+ 1-0

[Event "Early-Titled-Tuesday-Blitz-March-05-2024"]
[Site "Chess.com"]
[Date "2024.03.05"]
[Round "5"]
[White "Semetey"]
[Black "Kotofeyca"]
[Result "1/2-1/2"]
[WhiteElo "2594"]
[BlackElo "2458"]
[TimeControl "180+1"]
[EndTime "8:59:41 PST"]
[Termination "Game drawn by repetition"]

1. e4 c5 2. Nc3 d6 3. g3 Nc6 4. Bg2 g6 5. d3 Bg7 6. Nge2 Rb8 7. a4 a6 8. O-O e6 9. Be3 Nd4 10. Qd2 Nxe2+ 11. Qxe2 Ne7 12. Rad1 Nc6 13. Qd2 O-O 14. Ne2 Nd4 15. c3 Nxe2+ 16. Qxe2 b5 17. axb5 axb5 18. d4 Qc7 19. dxc5 dxc5 20. f4 b4 21. c4 Bb7 22.
e5 Bxg2 23. Qxg2 Rfd8 24. Qe4 Bf8 25. b3 Rxd1 26. Rxd1 Rd8 27. Rd3 Rd7 28. Kf2 Qd8 29.
Rxd7 Qxd7 30. Ke2 Qa7 31. Qb1 Qa8 32. Kf2 h5 33. h3 Be7 34. h4 Kg7 35. Qd1 Qa2+ 36.
Kf3 Qb2 37. Qd3 Qh2 38. Bf2 Qh1+ 39. Ke2 Qc1 40. Be1 Qb2+ 41. Bd2 Qa1 42. Qd7 Bf8 43.
Qd3 Qg1 44. Qe3 Qg2+ 45. Kd3 Qf1+ 46. Kc2 Qa1 47. Bc1 Qa2+ 48. Bb2 Qa8 49. Qe2 Qh1 50. Bc1 Qg1 51. Qe3 Qg2+ 52. Bd2 Qf1 53. Kb2 Qd1 54. Qd3 Qg1 55. Qe3 Qg2 56. Qd3 Qf2 57. Qe3 Qg2 58. Qd3 Qf2 59. Kc2 Qg2 60. Qe3 Qf1 61. Qd3 Qa1 62. Bc1 Qa2+ 63. Bb2 Qa8 64. Qe2 Qh1 65. Bc1 Qg1 66. Be3 Qa1 67. Bc1 Qa2+ 68. Bb2 Qa8 69. Kd2 Qa2 70. Kc2 Qa8 71.
Qe3 Qg2+ 72. Kb1 Qf1+ 73. Bc1 Qg2 74. Bd2 Qf1+ 75. Kb2 Qg2 1/2-1/2

[Event "Early-Titled-Tuesday-Blitz-March-05-2024"]
[Site "Chess.com"]
[Date "2024.03.05"]
[Round "5"]
[White "wild3000"]
[Black "Zq1"]
[Result "0-1"]
[WhiteElo "2485"]
[BlackElo "2633"]
[TimeControl "180+1"]
[EndTime "8:59:43 PST"]
[Termination "Zq1 won by checkmate"]

1. e4 c5 2. Nf3 d6 3. d4 cxd4 4. Nxd4 Nf6 5. Nc3 Nc6 6. Nxc6 bxc6 7. Bd3 g6 8. O-O Bg7 9. Rb1 O-O 10. b3 Nd7 11.
Bb2 Nc5 12. Ne2 Nxd3 13. cxd3 e5 14. d4 a5 15. dxe5 dxe5 16. Qxd8 Rxd8 17. Rfd1 Ba6 18.
Nc3 Bd3 19. Ra1 Bc2 20. Re1 Bh6 21. Bc1 Bd2 22. Bxd2 Rxd2 23. Rac1 Rad8 24. f3 Kg7 25. Re2 Rxe2 26. Nxe2 Rd2 27. Nc3 f5 28. Re1 Kf6 29.
exf5 gxf5 30. Re2 Rxe2 31. Nxe2 Ke6 32. Kf2 f4 33. g3 fxg3+ 34. hxg3 h5 35. Ke3 Bg6 36. Nc3 Kd6 37. Ne4+ Kd5 38. Nc3+ Kc5 39. a3 Bc2 40. Ne4+ Kb6 41. b4 axb4 42. axb4 Kb5 43. Nf6 Bg6 44. Nd7 Kxb4 45. Nxe5 Be8 46. f4 c5 47. f5 c4 48. Kd4 c3 49. Nd3+ Kb3 50. Nc5+ Kb4 51. Nd3+ Kb3 52. Nc5+ Kb2 53. Nd3+ Kc2 54.
Nf4 Kd2 55. Nd3 c2 56. Nc5 Ke2 57. Nb3 Kf3 58. f6 Kxg3 59. Ke5 h4 60. Ke6 h3 61. Ke7 Bh5 62. Nc1 h2 63. Ne2+ Kf2 64. Nf4 h1=Q 65.
Nd3+ Ke3 66. Ne5 Qe4 67. Kd6 Qxe5+ 68. Kxe5 c1=Q 69. Kf5 Qc5+ 70. Ke6 Qf8 71. Kf5 Qf7 72. Ke5 Kf3 73. Kf5 Bg4+ 74. Kg5 Ke4 75. Kh6 Qxf6+ 76. Kh7 Bf5+ 77. Kg8 Qe7 78. Kh8 Qh7# 0-1

[Event "Early-Titled-Tuesday-Blitz-March-05-2024"]
[Site "Chess.com"]
[Date "2024.03.05"]
[Round "5"]
[White "Actuary44"]
[Black "kids2010"]
[Result "0-1"]
[WhiteElo "2542"]
[BlackElo "2775"]
[TimeControl "180+1"]
[EndTime "8:59:48 PST"]
[Termination "kids2010 won by checkmate"]

1. e4 c6 2. d4 d5 3. Nc3 dxe4 4.
Nxe4 Nf6 5. Ng3 g6 6. Bc4 Bg7 7. c3 O-O 8. Bg5 Qa5 9. Qd2 Nbd7 10.
O-O-O b5 11. Bb3 Nb6 12. h4 h5 13. f3 Nc4 14. Bxc4 bxc4 15. a3 Nd5 16. N1e2 Rb8 17.
Bh6 Bf6 18. Bxf8 Kxf8 19. Ne4 Bf5 20. N2g3 Bg7 21. Nxf5 gxf5 22. Nc5 Ke8 23. g4 fxg4 24.
fxg4 Qb5 25. Qc2 Ne3 26. Qe2 hxg4 27. Rd2 Bh6 28. Kb1 f5 29. Ne6 Nd5 30. Rc2 Kd7 31.
Nc5+ Kc7 32. Qe5+ Kd8 33. Qh8+ Kc7 34. Qxh6 f4 35. Ka1 g3 36. Qe6 Kb6 37. Qe5 Rc8 38.
Nd7+ Kb7 39. Nc5+ Ka8 40. h5 Ne3 41. Re2 Rb8 42. Rg1 f3 43. Qxe3 fxe2 44. Qxe2 Rh8 45.
Rxg3 Kb8 46. h6 Ka8 47. Qe5 Rb8 48. Qh8 Rxh8 49. h7 Rxh7 50. Rg8+ Qb8 51. Rxb8+ Kxb8 52. Nd7+ Kc7 53. Ne5 Rh1+ 54. Ka2 Kd6 55. Nxc4+ Kd5 56. Ne3+ Ke4 57. Nc4 Kd3 58. Kb3 Rh5 59. Ne5+ Kd2 60. Nxc6 Rb5+ 61. Ka2 Kc1 62. b4 e6 63. Kb3 Kd2 64.
Nxa7 Rb7 65. Nc6 Rc7 66. Ne5 Rxc3+ 67. Ka4 Ke3 68. Nd7 Kxd4 69. Nb6 e5 70. b5 e4 71. Kb4 e3 72. Na4 Rc1 73. Nb2 Rb1 74.
b6 Rxb2+ 75. Ka5 e2 76. b7 Rxb7 77. Ka4 Rb1 78. Ka5 e1=Q+ 79. Ka4 Qd1+ 80. Ka5 Qb3 81. Ka6 Qb6# 0-1

[Event "Early-Titled-Tuesday-Blitz-March-05-2024"]
[Site "Chess.com"]
[Date "2024.03.05"]
[Round "5"]
[White "LikeWater"]
[Black "ChessLover0108"]
[Result "0-1"]
[WhiteElo "2695"]
[BlackElo "2957"]
[TimeControl "180+1"]
[EndTime "8:59:49 PST"]
[Termination "ChessLover0108 won on time"]

1. e4 c5 2. Nf3 d6 3. Bc4 e6 4. O-O Nf6 5. d3 Be7 6. a3 O-O 7. Ba2 b5 8. Nc3 a6 9. Ne2 Bb7 10. Ng3 Nbd7 11. Re1 Rc8 12. h3 Re8 13. Bf4 Qb6 14. Qd2 Bf8 15. Rad1 h6 16. c3 e5 17. Be3 d5 18. Nf5 Kh7 19. Qc1 Qc7 20. Nh2 c4 21.
exd5 Bxd5 22. dxc4 bxc4 23. Bb1 e4 24. Bf4 Qc6 25. Ng4 Nxg4 26. hxg4 Nc5 27. Nd4 Qg6 28. g5 hxg5 29. Bxg5 Nd3 30. Bxd3 exd3 31. f3 Bc5 32. Qf4 f6 33. Bh4 Rcd8 34. Bf2 Bd6 35.
Qh4+ Kg8 36. Kf1 Rb8 37. Rxe8+ Rxe8 38. Re1 Rxe1+ 39. Bxe1 Be5 40. Bd2 Qe8 41. Qf2 Qb8 42. Bc1 Bf7 43. Nf5 Qb3 44. Qd2 Be6 45. Ne7+ Kf7 46.
Nc6 Bd6 47. Nd4 Qb6 48. Nxe6 Kxe6 49. Qe3+ Qxe3 50. Bxe3 Kd5 51. Ke1 Kc6 52. Kd2 Kb5 53. Kc1 Ka4 54. Bd2 Kb3 55. Be3 f5 56. g4 g6 57.
gxf5 gxf5 58. Bd2 a5 59. Kb1 a4 60. Be3 Be7 61. Bd2 Bf6 62. Kc1 Bg7 63. Kb1 Bf8 64. Kc1 Bxa3 65. bxa3 Kxa3 66. Kb1 Kb3 67. Be1 a3 68.
Ka1 Kc2 69. Ka2 d2 70. Bxd2 Kxd2 71. Kxa3 Kxc3 0-1